 Dungeon Crawl Stone Soup version 0.31.0-12-g77e489cdc1 (webtiles) character file.

Game seed: 11606768433176832543

8165 ChodeyFoster420 the Severer (level 11, -3/75 HPs)
             Began as a Demonspawn Berserker on Feb 11, 2024.
             Was a Priest of Trog.
             Slain by an acid dragon (10 damage)
             ... on level 10 of the Dungeon.
             The game lasted 00:24:41 (7523 turns).

ChodeyFoster420 the Severer (Demonspawn Berserker)  Turns: 7523, Time: 00:24:42

Health: -3/75      AC: 11    Str: 22    XL:     11   Next: 6%
Magic:  11/11      EV:  8    Int:  8    God:    Trog [***...]
Gold:   322        SH: 11    Dex: 12    Spells: 10/10 levels left

rFire   . . .        v - +1 battleaxe
rCold   . . .        (shield currently unavailable)
rNeg    + . .        s - +0 chain mail
rPois   .            m - +1 helmet
rElec   .            (no cloak)
rCorr   .            k - +1 pair of gloves
SInv    .            j - +2 pair of boots
Will    +++..        e - amulet of reflection Stlth
                     f - ring of willpower
HPRegen 1.32/turn    t - ring of positive energy
MPRegen 0.12/turn

%: reflection
@: strong-willed, corroded, on berserk cooldown, regenerating, slowed, very slow
A: large bone plates 2, powered by death 1, demonic magic 2, demonic touch 2
a: Renounce Religion, Berserk, Trog's Hand


You were on level 10 of the Dungeon.
You worshipped Trog.
Trog was most pleased with you.
You visited 1 branch of the dungeon, and saw 11 of its levels.

You collected 322 gold pieces.

Inventory:

Hand Weapons
 v - a +1 battleaxe (weapon)
Missiles
 x - 3 boomerangs (quivered)
Armour
 j - a +2 pair of boots (worn)
 k - a +1 pair of gloves (worn)
 m - a +1 helmet (worn)
 s - a +0 chain mail (worn)
Jewellery
 c - an amulet of the acrobat
 e - an amulet of reflection (around neck)
 f - a ring of willpower (left hand)
 t - a ring of positive energy (right hand)
Wands
 d - a wand of flame (36)
Scrolls
 q - a scroll of fog
Potions
 n - a potion of cancellation


   Skills:
 - Level 3.0 Fighting
 + Level 15.7 Axes
 - Level 1.7 Armour
 - Level 1.7 Dodging


You had 10 spell levels left.
You didn't know any spells.
Your spell library was empty.

Dungeon Overview and Level Annotations

Branches:
Dungeon (11/15)            Temple (0/1) D:7             Orc (0/2) D:10
   Lair: D:8-11

Altars:
Dithmenos
Gozag
Kikubaaqudgha
Sif Muna
Vehumet
Wu Jian

Shops:
D:2 !   D:6 *   D:8 ?


Innate Abilities, Weirdness & Mutations

You are mostly covered in large bone plates. (SH +6)
You regenerate a little health from kills.
Spells you cast may paralyse nearby enemies.
Your touch may inflict irresistible damage on your foes.


Message History

The yak barely misses you.
An acid dragon comes into view.
The yak bellows!
You slash the yak!
The yak is lightly wounded.
The yak gores you but does no damage.
You hit the yak.
The yak is moderately wounded.
The yak gores you.
Okay, then.
You slice the yak!!
The yak is severely wounded.
You hit the yak but do no damage. You block the yak's attack.
The yak gores you but does no damage. The yak gores you.
The yak gores you but does no damage.
You slash the yak!
The yak is almost dead.
You barely miss the yak. The yak gores you! The yak closely misses you.
You slash the yak!
You kill the yak!
Trog accepts your kill.
You slice the yak!! The yak gores you but does no damage.
You block the yak's attack. The yak gores you but does no damage.
You hit the yak.
The yak is lightly wounded.
You slash the yak!
You kill the yak!
Trog accepts your kill. You block the yak's attack.
You slash the yak!
The yak is heavily wounded.
You slash the acid dragon! You block the yak's attack.
The acid dragon spits acid at you. The splash of acid hits you!!
* * * LOW HITPOINT WARNING * * *
The acid corrodes you!
You hit the acid dragon but do no damage.
The acid dragon is moderately wounded.
You slash the yak! You block the yak's attack. The acid dragon bites you!
You die...

,,***,,,,,.#####...............*
,** **,,,..####................*
** **,,..##.................,* *
**,................$...,,*
***..................#,,,*
****,,..................##*,*
****,,,,,...................#####
*,,,,,,,,........D...............
,,,,***,,.......@Y...............
*******,,......†......###........
* **,,,............######....>.
*,,,,............#####.......
**,,,,...........######.......
**,,,,,......$....######.......
**,,,,,,...........######.......
*,,,,,,,............####........
**,,,,,,,,,,,,,,,,,,,,,*#........


You could see a yak and an acid dragon (catching breath).

Vanquished Creatures
  A two-headed ogre (D:6)
  5 death yaks
  A boulder beetle (D:7)
  An ugly thing (D:7)
  Joseph (D:8)
  A wraith (D:11)
  2 yaks (D:10)
  Eustachio (D:4)
  A water moccasin (D:8)
  Edmund (D:4)
  2 sky beasts (D:7)
  An ice beast (D:7)
  2 black bears
  2 ogres
  2 phantoms (D:5)
  A kobold brigand (D:8)
  4 scorpions
  5 bullfrogs
  6 wights
  6 killer bees
  3 orc priests (D:7)
  3 hounds
  2 jellies
  Ijyb (D:4)
  An iguana (D:4)
  5 orc wizards
  A sleepcap (D:6)
  6 adders
  3 gnolls (D:5)
  A white imp (D:5)
  4 ufetubi
  3 ribbon worms
  3 dart slugs
  25 orcs
  11 ball pythons
  11 endoplasms
  6 giant cockroaches
  8 goblins
  8 hobgoblins
  5 jackals
  5 quokkas
  6 bats
  5 frilled lizards
  9 kobolds
  7 rats
188 creatures vanquished.

Notes
Turn   | Place    | Note
-------+----------+-------------------------------------------
     0 | D:1      | ChodeyFoster420 the Demonspawn Berserker began the quest
                  | for the Orb.
     0 | D:1      | Reached XP level 1. HP: 18/18 MP: 1/1
    94 | D:1      | Reached skill level 3 in Axes
   140 | D:1      | Gained mutation: You are partially covered in large bone
                  | plates. (SH +4) [demonic ancestry]
   140 | D:1      | Reached XP level 2. HP: 24/24 MP: 2/2
   401 | D:1      | Gained mutation: Your touch may inflict minor irresistible
                  | damage on your foes. [demonic ancestry]
   401 | D:1      | Reached XP level 3. HP: 23/29 MP: 3/3
   439 | D:1      | Found a faded altar of an unknown god.
   446 | D:1      | Reached ** piety under Trog
   485 | D:1      | Reached skill level 4 in Axes
   985 | D:2      | Gained mutation: Spells you cast may paralyse adjacent
                  | enemies. [demonic ancestry]
   985 | D:2      | Reached XP level 4. HP: 35/35 MP: 4/4
  1010 | D:2      | Found Uzozelil's Distillery.
  1136 | D:2      | Found a shadowy altar of Dithmenos.
  1671 | D:3      | Found an ornate altar of the Wu Jian Council.
  2006 | D:3      | Reached *** piety under Trog
  2158 | D:4      | Reached skill level 5 in Axes
  2207 | D:4      | Noticed a scorpion
  2217 | D:4      | Killed a scorpion
  2218 | D:4      | Reached XP level 5. HP: 41/41 MP: 5/5
  2337 | D:4      | Noticed an ogre
  2341 | D:4      | Killed an ogre
  2342 | D:4      | Reached skill level 6 in Axes
  2342 | D:4      | Gained mutation: You are mostly covered in large bone
                  | plates. (SH +6) [demonic ancestry]
  2342 | D:4      | Reached XP level 6. HP: 47/47 MP: 6/6
  2426 | D:4      | Noticed Ijyb
  2437 | D:4      | Killed Ijyb
  2727 | D:4      | Noticed Eustachio
  2765 | D:4      | Killed Eustachio
  2766 | D:4      | Reached skill level 7 in Axes
  2792 | D:4      | Noticed Edmund
  2802 | D:4      | Killed Edmund
  2803 | D:4      | Gained mutation: Spells you cast may paralyse nearby
                  | enemies. [demonic ancestry]
  2803 | D:4      | Reached XP level 7. HP: 52/52 MP: 7/7
  3036 | D:4      | Reached skill level 8 in Axes
  3181 | D:5      | Entered Level 5 of the Dungeon
  3382 | D:5      | Found an ancient bone altar of Kikubaaqudgha.
  3528 | D:5      | Reached skill level 9 in Axes
  3528 | D:5      | Gained mutation: You regenerate a little health from kills.
                  | [demonic ancestry]
  3528 | D:5      | Reached XP level 8. HP: 53/58 MP: 8/8
  4428 | D:6      | Noticed a two-headed ogre
  4439 | D:6      | Killed a two-headed ogre
  4440 | D:6      | Reached skill level 11 in Axes
  4441 | D:6      | Reached XP level 9. HP: 48/63 MP: 9/9
  4479 | D:6      | Reached **** piety under Trog
  4698 | D:6      | Found Moamad's Lightly-Used Armoury.
  4916 | D:7      | Found a radiant altar of Vehumet.
  5053 | D:7      | Reached skill level 12 in Axes
  5271 | D:7      | Noticed a boulder beetle
  5271 | D:7      | Noticed a purple ugly thing
  5279 | D:7      | Killed a purple ugly thing
  5284 | D:7      | Killed a boulder beetle
  5285 | D:7      | Reached skill level 13 in Axes
  5377 | D:7      | Found a staircase to the Ecumenical Temple.
  5550 | D:7      | Found an opulent altar of Gozag.
  5624 | D:8      | Reached XP level 10. HP: 66/70 MP: 10/10
  5819 | D:8      | Found Jof Gausm's Magic Scroll Shoppe.
  6133 | D:8      | Found a shimmering blue altar of Sif Muna.
  6176 | D:8      | Noticed Joseph
  6186 | D:8      | Killed Joseph
  7052 | D:9      | Noticed a death yak
  7054 | D:9      | Noticed a death yak
  7055 | D:9      | Noticed a death yak
  7055 | D:9      | Noticed a death yak
  7070 | D:9      | Noticed a death yak
  7072 | D:9      | Killed a death yak
  7073 | D:9      | Reached skill level 14 in Axes
  7073 | D:9      | Noticed a death yak
  7110 | D:10     | Entered Level 10 of the Dungeon
  7392 | D:10     | Killed a death yak
  7449 | D:10     | Killed a death yak
  7450 | D:10     | Reached skill level 15 in Axes
  7504 | D:10     | Killed a death yak
  7508 | D:10     | Killed a death yak
  7509 | D:10     | Gained mutation: Your touch may inflict irresistible damage
                  | on your foes. [demonic ancestry]
  7509 | D:10     | Reached XP level 11. HP: 32/75 MP: 11/11
  7523 | D:10     | Slain by an acid dragon

Illustrated notes

Levels and vault maps discovered:
D:1:      dpeg_arrival_windows_large_door, layout_loops_cross,
          nicolae_ecumenical_snake_handling
D:2:      minmay_angry_zag, layout_basic, serial_shops, shop, basic_altar,
          dreamdust_mushroom_princess
D:3:      layout_loops_cross, nicolae_wu_jian_wuxing_cycle
D:4:      nicolae_cairo_tiling_large_dashed, layout_basic, uniq_ijyb,
          uniq_eustachio, uniq_edmund
D:5:      layout_basic, grunt_temple_overflow_open,
          chequers_serial_rivers_small_b
D:6:      layout_gridville, minmay_shop_damaged, grunt_decor_junction
D:7:      kennysheep_big_flooded_room, layout_basic,
          mainiacjoe_overflow_alcove_2, mainiacjoe_overflow_alcove_4,
          minmay_temple_entry_hall
D:8:      layout_basic, lemuel_tele_altar, serial_shops, shop,
          serial_library_hellmonk_h_bend, uniq_joseph
D:9:      minmay_the_grid_3x2 [minmay_the_grid_dragon_a,
          minmay_the_grid_odd_star, minmay_the_grid_large_cup,
          minmay_the_grid_square_x, minmay_the_grid_fan,
          minmay_the_grid_prize_four_corners], layout_gridville,
          dpeg_lair_monsters, hangedman_decor_lopped,
          chequers_serial_rivers_room_b, hangedman_misty_isle
D:10:     layout_layer_cave
D:11:     layout_basic, uniq_harold, uniq_erolcha

Skill      XL: |  1  2  3  4  5  6  7  8  9 10 |
---------------+-------------------------------+-----
Axes           | 3 4 5 6 7 9 11 13 15 | 15.7
Fighting       | |  3.0
Armour         | |  1.7
Dodging        | |  1.7

Action                     |  1- 3 |  4- 6 |  7- 9 | 10-12 || total
---------------------------+-------+-------+-------+-------++-------
  Melee: Hand axe          |    87 |   100 |   123 |       ||   310
         Touch             |     4 |    20 |    16 |       ||    40
         Punch             |       |     2 |     3 |       ||     5
         Battleaxe         |       |       |   105 |   146 ||   251
 Invoke: Berserk           |       |     5 |     3 |     7 ||    15
         Trog's Hand       |       |     1 |     2 |     3 ||     6
    Use: Scroll            |     3 |    10 |     5 |     6 ||    24
         Potion            |       |       |       |     4 ||     4
   Stab: Sleeping          |     2 |     2 |       |       ||     4
 Armour: Animal skin       |    30 |    37 |    10 |       ||    77
         Chain mail        |       |       |   131 |   132 ||   263
  Dodge: Dodged            |    36 |    41 |    61 |    50 ||   188
  Block: Other             |    30 |    27 |    88 |    70 ||   215
         Reflection        |     1 |     3 |     1 |     3 ||     8
